 Dungeon Crawl Stone Soup version 0.17.1-3-g152610e (webtiles) character file.

84 cvalue the Slasher (level 4, 12/38 HPs)
             Began as a Minotaur Gladiator on Feb 27, 2016.
             Was an Initiate of Okawaru.
             Starved to death
             ... on level 3 of the Dungeon.
             The game lasted 00:11:12 (1476 turns).

cvalue the Slasher (Minotaur Gladiator)             Turns: 1476, Time: 00:11:12

Health: 12/38      AC:  6    Str: 20    XL:     4   Next: 24%
Magic:  3/3        EV: 11    Int:  5    God:    Okawaru [......]
Gold:   106        SH:  0    Dex: 11    Spells: 0 memorised, 3 levels left

rFire  . . .     SeeInvis .     a - +1 long sword
rCold  . . .     Clarity  .     h - +0 scale mail
rNeg   . . .     SustAt   .     (no shield)
rPois  .         Gourm    .     c - +0 hat
rElec  .         Spirit   .     (no cloak)
rCorr  .         Warding  .     (no gloves)
rMut   .         Stasis   .     (no boots)
MR     .....                    (no amulet)
Stlth  ..........               (no ring)
                                (no ring)

@: fainting, drained, not resistant to hostile enchantments, extremely
unstealthy
A: retaliatory headbutt, horns 2
a: Renounce Religion


You were on level 3 of the Dungeon.
You worshipped Okawaru.
Okawaru was noncommittal.
You were fainting.

You visited 1 branch of the dungeon, and saw 3 of its levels.

You collected 106 gold pieces.

Inventory:

Hand Weapons
 a - a +1 long sword (weapon)
Missiles
 d - 3 throwing nets (quivered)
Armour
 c - a +0 hat (worn)
 h - a +0 scale mail (worn)
Scrolls
 g - a scroll of identify
 i - a scroll of enchant weapon
Potions
 j - 2 potions of resistance {unknown}
 k - a potion of mutation
 m - a potion of haste {unknown}
 n - a potion of beneficial mutation {unknown}
 o - a potion of might {unknown}
Comestibles
 b - a bread ration
 l - 2 meat rations


   Skills:
 + Level 3.2(3.0) Fighting
 * Level 4.5(4.3) Long Blades
 - Level 2.2(2.0) Throwing
 * Level 0.8(0.6) Armour
 - Level 4.1(3.9) Dodging
 - Level 0.5(0.3) Stealth


You had 3 spell levels left.
You didn't know any spells.

Dungeon Overview and Level Annotations

Branches:
Dungeon (3/15)

Altars:
Okawaru
Trog


Innate Abilities, Weirdness & Mutations

You reflexively headbutt those who attack you in melee.
You have a pair of horns on your head.


Message History

The hungry ghost misses you. You furiously retaliate!
You headbutt the hungry ghost. You miss the hungry ghost.
Your headbutt misses the hungry ghost.
The hungry ghost is almost destroyed.
The hungry ghost hits you.
You feel slightly more hungry.
You closely miss the hungry ghost.
The hungry ghost is almost destroyed.
The hungry ghost hits you.
You feel slightly more hungry. The hungry ghost hits you.
You feel slightly more hungry.
You barely miss the hungry ghost. Your headbutt misses the hungry ghost.
The hungry ghost is almost destroyed.
The hungry ghost hits you.
You feel slightly more hungry.
You closely miss the hungry ghost. Your headbutt misses the hungry ghost.
The hungry ghost is almost destroyed.
The hungry ghost hits you.
You hit the hungry ghost but do no damage.
Your headbutt misses the hungry ghost.
The hungry ghost is almost destroyed.
You have starved to death.
You die...

#.......#
#####.#.#
#...#.#.#
#.#.#.#.#
#.#.#.#.#
#...#.#.#
#..<#.#.# #
#.###.#.#
#.#.....#@#
####.#######W#
........####.#
#....W....#
####.######
.......>...s.#
....W#######..#
.###


You could see a hungry ghost.

Vanquished Creatures
  2 adders (D:2)
  An ooze (D:1)
  3 worms (D:2)
  2 giant geckos (D:1)
  A ball python (D:1)
  5 giant cockroaches
  3 hobgoblins (D:2)
  A jackal (D:1)
  2 quokkas (D:2)
  8 bats
  3 giant newts
  7 goblins
  6 kobolds
  4 rats
48 creatures vanquished.

Notes
Turn   | Place    | Note
--------------------------------------------------------------
     0 | D:1      | cvalue the Minotaur Gladiator began the quest for the Orb.
     0 | D:1      | Reached XP level 1. HP: 18/18 MP: 0/0
   145 | D:1      | Reached XP level 2. HP: 20/25 MP: 1/1
   333 | D:1      | Reached skill level 4 in Long Blades
   338 | D:1      | Reached XP level 3. HP: 14/30 MP: 2/2
   916 | D:2      | Reached XP level 4. HP: 38/38 MP: 3/3
   965 | D:2      | Found an iron altar of Okawaru.
   965 | D:2      | Found a bloodstained altar of Trog.
  1006 | D:2      | Became a worshipper of Warmaster Okawaru
  1432 | D:3      | Noticed a hungry ghost
  1476 | D:3      | Starved to death

Action                   |  1- 3 |  4- 6 || total
-------------------------+-------+-------++-------
Melee: Long sword        |    71 |    54 ||   125
  Use: Scroll            |     4 |     3 ||     7
 Stab: Sleeping          |     1 |       ||     1
  Eat: Bread ration      |       |     2 ||     2
